 Dungeon Crawl Stone Soup version 0.29-a0-284-gf9362112df (webtiles) character file.

Game seed: 11815628965834523721

1081 azurejojo the Chopper (level 8, -7/73 HPs)
             Began as a Deep Dwarf Fighter on Mar 24, 2022.
             Mangled by an orc warrior
             ... wielding a +0 dire flail
              (18 damage)
             ... on level 6 of the Dungeon on Mar 25, 2022.
             The game lasted 00:38:40 (2627 turns).

azurejojo the Chopper (Deep Dwarf Fighter)          Turns: 2627, Time: 00:38:41

Health: -7/73      AC: 11    Str: 23    XL:     8   Next: 8%
Magic:  7/7        EV: 10    Int:  8    God:
Gold:   171        SH:  5    Dex: 12    Spells: 7/7 levels left

rFire   . . .      SeeInvis .   U - +2 whip (freeze)
rCold   . . .      Faith    .   c - +0 buckler
rNeg    . . .      Spirit   .   Q - +3 ring mail
rPois   .          Reflect  .   O - +1 helmet
rElec   .          Harm     .   (no cloak)
rCorr   .          Rampage  .   (no gloves)
Will    +....                   (no boots)
Stlth   +.........              (no amulet)
HPRegen 0.00/turn               (no ring)
MPRegen 0.10/turn               (no ring)

@: no status effects
A: damage resistance, heal wounds, sense surroundings 1, no regeneration
a: Heal Wounds


You were on level 6 of the Dungeon.
You visited 1 branch of the dungeon, and saw 6 of its levels.

You collected 171 gold pieces.

Inventory:

Hand Weapons
 a - a +0 war axe
 h - a +0 dagger
 i - a +0 club
 k - a +0 club
 l - a +0 short sword
 m - a +0 club
 q - a +0 short sword
 r - a +0 short sword
 s - a +0 dagger
 t - a +0 dagger
 x - a +0 club
 A - a +0 dagger
 E - a +0 hunting sling
 G - a +0 club
 H - a +0 hand axe
 I - a +0 falchion
 J - a +1 rapier of protection
 P - a +0 giant club
 U - a +2 whip of freezing (weapon)
Missiles
 g - 6 curare-tipped darts
 j - 85 stones
Armour
 b - a +0 scale mail
 c - a +0 buckler (worn)
 e - a +0 chain mail
 f - a +1 plate armour
 o - a +0 robe
 u - a +0 ring mail
 w - a +0 chain mail
 y - a +0 robe
 B - a +0 leather armour
 C - a +0 ring mail
 N - a +2 robe of cold resistance
 O - a +1 helmet (worn)
 Q - a +3 ring mail (worn)
Jewellery
 v - a ring of flight
 F - the ring "Atefawo" {Ice Stlth+}
   (You found it on level 3 of the Dungeon)

   [ring of ice]

   It enhances your ice magic.
   rF:        It makes you vulnerable to fire.
   rC:        It protects you from cold.
   Stlth:     It makes you more stealthy.
 K - a ring of wizardry
Wands
 L - a wand of charming (5)
Scrolls
 S - a scroll of fear
Potions
 d - a potion of might
 n - a potion of curing {unknown}
 p - a potion of mutation {unknown}
 z - a potion of haste {unknown}
 D - a potion of heal wounds {unknown}
 M - a potion of flight {unknown}
 R - a potion of cancellation {unknown}
 T - a potion of magic {unknown}


   Skills:
 + Level 4.5 Fighting
 + Level 4.0 Short Blades
 + Level 5.8 Axes
 + Level 5.5 Armour
 + Level 1.4 Dodging
 + Level 0.2 Stealth
 + Level 4.3 Shields


You had 7 spell levels left.
You didn't know any spells.
Your spell library contained the following spells:

 Spells                   Type           Power      Damage    Failure   Level
 Beastly Appendage        Tmut           0%         N/A       65%         1
 Magic Dart               Conj           0%         1d3       65%         1
 Call Imp                 Summ           0%         N/A       78%         2
 Wereblood                Tmut           0%         N/A       78%         2
 Gell's Gravitas          Tloc           0%         N/A       95%         3
 Lesser Beckoning         Tloc           0%         N/A       95%         3
 Mephitic Cloud           Conj/Pois/Air  0%         N/A       95%         3
 Spider Form              Tmut/Pois      0%         N/A       95%         3
 Teleport Other           Tloc           0%         N/A       95%         3


Dungeon Overview and Level Annotations

Branches:
Dungeon (6/15)
 Temple: D:4-7

Altars:

Shops:
D:4 *


Innate Abilities, Weirdness & Mutations

You are resistant to damage.
You can heal yourself by infusing magical energy.
You passively map a small area around you.
You do not regenerate.


Message History

An orc and an orc warrior come into view.
The orc shouts!
The orc warrior shouts!
The orc wizard shouts!
The orc wizard mumbles some strange words.
The orc wizard flickers and vanishes!
Deactivating autopickup; reactivate with Ctrl-A.
An orc comes into view. It is wielding a +0 hand axe.
An orc comes into view. It is wielding a +0 hand axe.
An orc priest comes into view. It is wielding a +0 flail.
An orc wizard comes into view. It is wielding a +0 dagger. x2
The orc hits you with a +0 hand axe.
An orc comes into view. It is wielding a +0 dagger.
The orc wizard shouts!
The orc priest shouts!
The orc wizard shouts!
You hit the orc but do no damage. You hit the orc. You freeze the orc.
The orc is almost dead.
The orc hits you but does no damage.
You closely miss the orc.
The orc is almost dead.
An orc comes into view.
It is wielding a +2 dagger of protection.
An orc comes into view. It is wielding a +0 hand axe.
You block the orc's attack.
The orc priest mumbles some strange prayers to Beogh against you.
Beogh smites you!
The orc shouts!
You hear an angry hiss.
The orc shouts!
You whack the orc! You freeze the orc.
You kill the orc!
The orc warrior hits you with a +0 dire flail!
* * * LOW HITPOINT WARNING * * *
The orc wizard gestures wildly while chanting.
The orc wizard flickers and vanishes!
You hit the orc. You freeze the orc.
The orc is moderately wounded.
An iguana comes into view.
The orc warrior hits you with a +0 dire flail!
* * * LOW HITPOINT WARNING * * *
You whack something! You freeze something. The orc hits you but does no damage.
Something hits you but does no damage.
The orc warrior hits you with a +0 dire flail!!
You die...

#### *
##..## *, *
#.<..##
###.....# ,
#...#...# *
*
##..##.###
, ,, * **
*#@o.....#*
,,
#)o.#...# ,
oo### ...#
, #..# ##..
, ,


ooo. , , , , * , ..... , , , ...l. * , , ....... >, , , You could see an orc
warrior, an iguana, an orc wizard and 5 orcs.

Vanquished Creatures
  Pikel (D:5)
  An ogre (D:4)
  A lemure (D:5)
  A phantom (D:5)
  3 scorpions
  Jessica (D:2)
  Natasha (twice) (D:1)
  2 iguanas
  An orc wizard (D:5)
  3 gnolls (D:5)
  10 adders
  A dart slug (D:4)
  8 orcs
  2 endoplasms
  10 goblins
  5 hobgoblins
  4 quokkas
  5 ball pythons
  7 bats
  4 frilled lizards
  5 kobolds (D:1)
  5 rats
82 creatures vanquished.

Notes
Turn   | Place    | Note
-------+----------+-------------------------------------------
     0 | D:1      | azurejojo the Deep Dwarf Fighter began the quest for the
                  | Orb.
     0 | D:1      | Reached XP level 1. HP: 20/20 MP: 1/1
   116 | D:1      | Reached XP level 2. HP: 21/27 MP: 2/2
   206 | D:2      | Noticed Natasha
   225 | D:1      | Killed Natasha
   226 | D:1      | Reached XP level 3. HP: 5/34 MP: 3/3
   547 | D:1      | Noticed Natasha
   558 | D:1      | Killed Natasha
   559 | D:1      | Reached XP level 4. HP: 26/42 MP: 4/4
   782 | D:2      | Noticed Jessica
   802 | D:2      | Killed Jessica
   880 | D:3      | Reached XP level 5. HP: 32/49 MP: 5/5
  1125 | D:2      | Found a faded altar of an unknown god.
  1242 | D:3      | Identified the ring "Atefawo" {Ice Stlth+}
  1279 | D:4      | Reached skill level 5 in Axes
  1429 | D:5      | Entered Level 5 of the Dungeon
  1476 | D:5      | Noticed a phantom
  1481 | D:5      | Reached XP level 6. HP: 44/57 MP: 6/6
  1596 | D:5      | Reached skill level 1 in Short Blades
  1690 | D:5      | Reached XP level 7. HP: 38/64 MP: 7/7
  1861 | D:4      | Found Tadesm's Assorted Antiques.
  2367 | D:5      | Noticed Pikel
  2401 | D:5      | HP: 1/64 [Pikel/+2 whip of freezing (3)]
  2405 | D:5      | Killed Pikel
  2406 | D:5      | Reached skill level 5 in Armour
  2406 | D:5      | Reached skill level 1 in Dodging
  2406 | D:5      | Reached XP level 8. HP: 28/73 MP: 7/7
  2627 | D:6      | Mangled by an orc warrior

Illustrated notes

Levels and vault maps discovered:
D:1:      co_arrival_random_square_maze, layout_basic
D:2:      layout_basic, nicolae_ecumenical_lake_church, uniq_robin,
          uniq_terence, uniq_jessica, uniq_natasha
D:3:      layout_loops_ring, grunt_ministairs_3, nicolae_underground_beach
D:4:      kennysheep_the_goblin_king, layout_loops_cross, serial_glass,
          glass_columns_b, glass_columns_b, glass_columns_a, glass_columns_a,
          glass_columns_c, glass_columns_a, due_unseen_surprise,
          minmay_strange_pillars, serial_shops, nicolae_shop_overgrown_old_shop
D:5:      layout_loops_corners, uniq_pikel
D:6:      layout_cave_pools, nicolae_ru_path_of_blood, minmay_temple_entry_fiery

Skill      XL: |  1  2  3  4  5  6  7 |
---------------+----------------------+-----
Fighting       | 3 4 |  4.5
Axes           | 3 4 5 |  5.8
Armour         | 4 5 |  5.5
Short Blades   | 1 4 |  4.0
Shields        | 4 |  4.3
Dodging        | 1 |  1.4
Stealth        | |  0.2

Action                   |  1- 3 |  4- 6 |  7- 9 || total
-------------------------+-------+-------+-------++-------
Melee: War axe           |    61 |    98 |       ||   159
       Rapier            |       |    85 |    91 ||   176
       Whip              |       |       |    13 ||    13
 Abil: Heal Wounds       |     1 |     2 |     3 ||     6
  Use: Scroll            |       |     4 |     4 ||     8
Armor: Plate armour      |    50 |   153 |    28 ||   231
       Ring mail         |       |       |    34 ||    34
Dodge: Dodged            |    23 |    56 |    40 ||   119
Block: Buckler           |    26 |    26 |    21 ||    73

Table legend: (Time is in decaauts)
 A = Elapsed time spent in this place.
 B = Non-inter-level travel time spent in this place.
 C = Inter-level travel time spent in this place.
 D = Time resting spent in this place.
 E = Time spent auto-exploring this place.
 F = Levels seen in this place.
 G = Mean time per level.
                   A        B        C        D        E       F      G
               +--------+--------+--------+--------+--------+-----+--------+
         Total |   2725 |   1170 |   1555 |    290 |     52 |   6 |  454.2 |
       Dungeon |   2725 |   1170 |   1555 |    290 |     52 |   6 |  454.2 |
               +--------+--------+--------+--------+--------+-----+--------+

Top non-repeatable levels by time:
     D:5: 747 daAuts
     D:1: 694 daAuts
     D:4: 636 daAuts
     D:3: 373 daAuts
     D:2: 264 daAuts
     D:6: 9 daAuts
